 Dungeon Crawl Stone Soup version 0.27-a0-797-g27d10ad80f (webtiles) character file.

Game seed: 2301680658155146768

6514 jestyr24 the Carver (level 10, 0/89 HPs)
             Began as a Minotaur Fighter on Mar 26, 2021.
             Was a Priest of Okawaru.
             Slain by a cyan ugly thing (15 damage)
             ... on level 9 of the Dungeon on Mar 27, 2021.
             The game lasted 00:43:51 (7552 turns).

jestyr24 the Carver (Minotaur Fighter)              Turns: 7552, Time: 00:43:52

Health: 0/89       AC: 20    Str: 24    XL:     10   Next: 69%
Magic:  9/9        EV: 11    Int:  5    God:    Okawaru [***...]
Gold:   396        SH: 12    Dex: 10    Spells: 9/9 levels left

rFire    . . .     SeeInvis .   O - +5 falchion
rCold    . . .     Faith    .   G - +0 kite shield
rNeg     . . .     Spirit   .   L - +0 plate armour
rPois    .         Reflect  .   (helmet restricted)
rElec    .         Harm     .   (no cloak)
rCorr    .         Rampage  .   j - +1 pair of gloves
Will     .....                  (no boots)
Stlth    ..........             l - amulet of regeneration
HPRegen  1.24/turn              g - +4 ring of evasion
MPRegen  0.11/turn              i - +4 ring of protection

@: marked
A: horns 2, retaliatory headbutt
a: Renounce Religion, Heroism


You were on level 9 of the Dungeon.
You worshipped Okawaru.
Okawaru was most pleased with you.
You visited 2 branches of the dungeon, and saw 10 of its levels.
You also visited: Sewer.

You collected 396 gold pieces.

Inventory:

Hand Weapons
 a - a +1 long sword of freezing
 z - a +0 arbalest
 M - a +0 great sword
 O - a +5 falchion (weapon)
Missiles
 n - a throwing net
 r - 113 arrows
 s - 60 poisoned darts (quivered)
 H - 4 boomerangs
Armour
 j - a +1 pair of gloves (worn)
 G - a +0 kite shield (worn)
 K - +0 acid dragon scales
 L - a +0 plate armour (worn)
Jewellery
 g - a +4 ring of evasion (left hand)
 i - a +4 ring of protection (right hand)
 l - an amulet of regeneration (around neck)
 C - an amulet of reflection
 I - an amulet of the acrobat
Wands
 b - a wand of paralysis (12)
 x - a wand of polymorph (16)
 B - a wand of iceblast (7)
Scrolls
 c - 2 scrolls of noise {unknown}
 f - 4 scrolls of teleportation
 h - 4 scrolls of identify
 w - 4 scrolls of enchant armour
 y - a scroll of magic mapping
 E - a scroll of fog
 F - a scroll of amnesia {unknown}
Potions
 d - 4 potions of might
 e - 13 potions of heal wounds
 o - 2 potions of magic {unknown}
 p - 3 potions of haste
 q - 7 potions of curing
 t - a potion of mutation {unknown}
 v - 3 potions of flight {unknown}
 A - 3 potions of brilliance
 D - 4 potions of attraction {unknown}


   Skills:
 + Level 8.3 Fighting
 + Level 11.6 Long Blades
 + Level 1.1 Throwing
 + Level 9.2 Armour
 + Level 5.2 Dodging
 + Level 9.9 Shields


You had 9 spell levels left.
You didn't know any spells.
Your spell library contained the following spells:

 Spells                   Type           Power      Damage    Failure   Level
 Animate Skeleton         Necr           0%         N/A       100%        1
 Apportation              Tloc           0%         N/A       100%        1
 Corona                   Hex            0%         N/A       100%        1
 Summon Small Mammal      Summ           0%         N/A       100%        1
 Confusing Touch          Hex            0%         N/A       100%        3
 Gell's Gravitas          Tloc           0%         N/A       100%        3
 Petrify                  Tmut/Erth      0%         N/A       100%        4
 Metabolic Englaciation   Hex/Ice        0%         N/A       100%        5
 Yara's Violent Unravell  Hex/Tmut       0%         3d3       100%        5


Dungeon Overview and Level Annotations

Branches:
Dungeon (9/15)             Temple (1/1) D:7           Sewer (visited)
   Lair: D:8-11         Orc: D:9-12

Altars:
Ashenzari
Cheibriados
Dithmenos
Fedhas
Gozag
Kikubaaqudgha
Makhleb
Okawaru
Qazlal
Ru
Sif Muna
Trog
Vehumet
Wu Jian
Xom
Yredelemnul
Zin
The Shining One


Innate Abilities, Weirdness & Mutations

You have a pair of horns on your head.
You reflexively headbutt those who attack you in melee.


Message History

You slash the kobold demonologist!
You kill the kobold demonologist!
Okawaru accepts your kill.
The sixfirhy disappears in a puff of smoke!
The ufetubus disappears in a puff of smoke!
The quasit disappears in a puff of smoke!
The shadow imp disappears in a puff of smoke!
The neqoxec disappears in a puff of smoke!
The centaur wields a +0 shortbow.
The centaur shoots an arrow.
The arrow barely misses you. You block the cyan ugly thing's attack.
You slash something! Something hits you but does no damage.
The kobold brigand throws a poisoned dart.
The cyan ugly thing barely misses you.
You hit something. Okawaru accepts your kill.
Reactivating autopickup.
You feel a bit more experienced.
The centaur wields a +0 shortbow.
The centaur shoots an arrow.
You block the arrow.
The kobold brigand throws a poisoned dart.
You block the poisoned dart.
Welcome back, jestyr24 the Minotaur Fighter.
Okawaru says: Bring me glory in combat!
Press ? for a list of commands and other information.
You feel much better. You block the cyan ugly thing's attack.
The centaur shoots an arrow.
The arrow closely misses you.
You slash the cyan ugly thing! You headbutt the cyan ugly thing!
The cyan ugly thing is heavily wounded.
The cyan ugly thing tail-slaps you! The cyan ugly thing shocks you!
* * * LOW HITPOINT WARNING * * *
A wight comes into view. It is wielding a +0 long sword.
You hit the cyan ugly thing.
The cyan ugly thing is heavily wounded.
The cyan ugly thing tail-slaps you but does no damage.
You block the kobold brigand's attack.
You closely miss the cyan ugly thing.
The cyan ugly thing is heavily wounded.
The cyan ugly thing tail-slaps you!
* * * LOW HITPOINT WARNING * * *
The cyan ugly thing shocks you!
You die...

#...# #####..###....###...#
#...########.###......# ...#
#####........#..............
#..............###.......
#........#..#... ....#
#..........##... .....
#........####... ##..
#........# . ##......@# ...
##....uK##....#
#.....cc......
#......#z#u... ########.# ..
#


You could see a cyan ugly thing, a kobold brigand, 2 centaurs and a wight.

Vanquished Creatures
  Harold (D:9)
  A two-headed ogre (D:9)
  A kobold demonologist (D:9)
  Maggie (D:7)
  6 yaks
  2 steam dragons
  Edmund (D:5)
  A water moccasin (D:6)
  2 orc warriors
  An ice beast (D:8)
  An ogre (D:4)
  A centaur (D:7)
  Blork the orc (D:4)
  2 phantoms (D:5)
  6 kobold brigands
  A gnoll sergeant (D:9)
  2 bullfrogs
  A wyvern zombie (D:6)
  A scorpion (D:6)
  4 howler monkeys (D:8)
  9 wights
  2 bullfrog zombies
  2 centaur zombies (D:8)
  A wyvern simulacrum (D:9)
  4 hounds
  2 bullfrog skeletons (D:7)
  3 gnoll shamans
  4 orc priests
  A jelly (D:8)
  2 centaur skeletons
  3 iguanas
  4 orc wizards
  2 killer bee zombies
  A hound zombie (D:2)
  A hound skeleton (D:5)
  2 howler monkey zombies (D:9)
  24 gnolls
  9 adders
  4 river rats (Sewer)
  A shadow imp (D:7)
  2 white imps
  A howler monkey simulacrum (D:9)
  An ufetubus (D:6)
  An adder skeleton (D:4)
  2 worms (D:2)
  2 dart slugs
  20 orcs
  12 ball pythons
  4 endoplasms
  8 giant cockroaches
  6 goblins
  6 hobgoblins
  2 quokkas
  3 bats
  3 frilled lizards
  17 kobolds
  27 rats
235 creatures vanquished.

Vanquished Creatures (others)
  2 kobolds
  2 plants (D:3)
4 creatures vanquished.

Grand Total: 239 creatures vanquished

Notes
Turn   | Place    | Note
-------+----------+-------------------------------------------
     0 | D:1      | jestyr24 the Minotaur Fighter began the quest for the Orb.
     0 | D:1      | Reached XP level 1. HP: 19/19 MP: 0/0
   327 | D:1      | Reached XP level 2. HP: 11/27 MP: 1/1
  1001 | D:2      | Reached XP level 3. HP: 32/33 MP: 2/2
  1272 | D:2      | Reached XP level 4. HP: 41/41 MP: 3/3
  1274 | D:2      | Reached skill level 3 in Long Blades
  2834 | D:4      | Reached XP level 5. HP: 41/47 MP: 4/4
  2856 | D:4      | Reached skill level 4 in Long Blades
  2905 | D:4      | Noticed Blork the orc
  2916 | D:4      | Killed Blork the orc
  2917 | D:4      | Reached skill level 5 in Armour
  3116 | D:4      | Reached skill level 1 in Dodging
  3116 | D:4      | Reached skill level 5 in Shields
  3116 | D:4      | Reached XP level 6. HP: 50/55 MP: 5/5
  3208 | D:4      | Found a glowing drain.
  3220 | Sewer    | Entered a sewer
  3243 | Sewer    | Reached skill level 5 in Fighting
  3412 | Sewer    | Reached skill level 5 in Long Blades
  3601 | Sewer    | Reached XP level 7. HP: 49/61 MP: 6/6
  4058 | D:4      | Reached skill level 6 in Long Blades
  4616 | D:5      | Entered Level 5 of the Dungeon
  4979 | D:5      | Reached skill level 7 in Long Blades
  4979 | D:5      | Reached XP level 8. HP: 69/70 MP: 7/7
  5121 | D:5      | Noticed Edmund
  5133 | D:5      | Killed Edmund
  5163 | D:5      | You fall into a shaft and drop 2 floors!
  5171 | D:7      | Noticed Maggie
  5280 | D:6      | Reached skill level 8 in Long Blades
  5374 | D:6      | Identified the +1 leather armour of the Eternal Void {rN+++
                  | Str+4 Slay-3}
  5764 | D:7      | Reached XP level 9. HP: 68/78 MP: 8/8
  6057 | D:7      | Reached skill level 9 in Long Blades
  6248 | D:7      | Found a staircase to the Ecumenical Temple.
  6279 | Temple   | Entered the Ecumenical Temple
  6366 | Temple   | Became a worshipper of Warmaster Okawaru
  6450 | D:7      | Killed Maggie
  6695 | D:7      | Reached skill level 1 in Throwing
  6770 | D:8      | Found a bloodstained altar of Trog.
  6903 | D:8      | Reached * piety under Okawaru
  6937 | D:8      | Reached skill level 10 in Long Blades
  6937 | D:8      | Reached skill level 5 in Dodging
  6952 | D:8      | Found a shimmering altar of Xom.
  6959 | D:8      | Found a shadowy altar of Dithmenos.
  6966 | D:8      | Found a glowing golden altar of the Shining One.
  6993 | D:8      | Reached XP level 10. HP: 86/86 MP: 9/9
  7001 | D:8      | Reached ** piety under Okawaru
  7502 | D:9      | Noticed Harold
  7508 | D:9      | Noticed a cyan ugly thing
  7525 | D:9      | Noticed a two-headed ogre
  7529 | D:9      | Killed Harold
  7529 | D:9      | Reached *** piety under Okawaru
  7530 | D:9      | Reached skill level 11 in Long Blades
  7532 | D:9      | Killed a two-headed ogre
  7546 | D:9      | Noticed a sixfirhy
  7549 | D:9      | Upgraded the game from 0.27-a0-789-g6bb3289e1e to
                  | 0.27-a0-797-g27d10ad80f
  7552 | D:9      | Slain by a cyan ugly thing

Illustrated notes

Levels and vault maps discovered:
D:1:      matt_arrival_debris, layout_loops_ring
D:2:      layout_basic
D:3:      layout_rooms, serial_forest, infiniplex_forest_straight_1,
          infiniplex_forest_lined_3_way, infiniplex_forest_straight_2,
          infiniplex_forest_lined_3, infiniplex_forest_straight_2,
          infiniplex_forest_clump_diagonal, infiniplex_forest_corner_1,
          moated_statue
D:4:      layout_loops_corners, gup_sewer_entry_pipe, minmay_hedge_maze,
          uniq_blork_the_orc
D:5:      layout_loops_cross, serial_park_tiny_pond, kennysheep_windowed_goal,
          uniq_edmund
D:6:      layout_rooms
D:7:      layout_cave_pools, minmay_temple_entry_mini_moons,
          minmay_starry_boxes, uniq_maggie
D:8:      layout_rooms, grunt_temple_overflow_diamond, trog_book
D:9:      hangedman_cross_stitches, layout_rooms, kennysheep_little_box,
          serial_ice, serial_ice_h, serial_ice_j, serial_ice_o, serial_ice_e,
          serial_ice_c, serial_ice_d, serial_ice_m, uniq_harold
Temple:   eino_narrow_crystal_temple

Skill      XL: |  1  2  3  4  5  6  7  8  9 10 |
---------------+-------------------------------+-----
Shields        | 4 5 6 7 8 9 |  9.9
Fighting       | 4 5 6 7 8 |  8.3
Armour         | 4 5 6 7 8 9 |  9.2
Long Blades    | 3 4 5 7 8 10 11 | 11.6
Dodging        | 1 2 3 5 |  5.2
Throwing       | 1 |  1.1

Action                   |  1- 3 |  4- 6 |  7- 9 | 10-12 || total
-------------------------+-------+-------+-------+-------++-------
Melee: Long sword        |    62 |   173 |   390 |    58 ||   683
       Headbutt          |     7 |    32 |   110 |    33 ||   182
       Falchion          |       |       |       |    59 ||    59
Throw: Boomerang         |       |       |     3 |       ||     3
       Dart              |       |       |       |     1 ||     1
  Use: Scroll            |       |       |    12 |       ||    12
       Potion            |       |       |     1 |     1 ||     2
Armor: Scale mail        |    26 |    99 |   158 |       ||   283
       Acid dragon scale |       |       |    12 |     7 ||    19
       Plate armour      |       |       |       |    66 ||    66
Dodge: Dodged            |    18 |    85 |   157 |    68 ||   328
Block: Kite shield       |    36 |   119 |   254 |    74 ||   483
       Rpst.: Long sword |     5 |    19 |    42 |     8 ||    74
       Falchion          |       |       |       |    12 ||    12

Table legend: (Time is in decaauts)
 A = Elapsed time spent in this place.
 B = Non-inter-level travel time spent in this place.
 C = Inter-level travel time spent in this place.
 D = Time resting spent in this place.
 E = Time spent auto-exploring this place.
 F = Levels seen in this place.
 G = Mean time per level.
                   A        B        C        D        E       F      G
               +--------+--------+--------+--------+--------+-----+--------+
         Total |   7724 |   7382 |    342 |    593 |   3942 |  11 |  702.2 |
       Dungeon |   6986 |   6658 |    328 |    511 |   3659 |   9 |  776.2 |
        Temple |    102 |     88 |     14 |      0 |     75 |   1 |  102.0 |
         Sewer |    634 |    634 |      0 |     82 |    208 |   1 |  634.0 |
               +--------+--------+--------+--------+--------+-----+--------+

Top non-repeatable levels by time:
     D:4: 1365 daAuts
     D:2: 1123 daAuts
     D:1: 946 daAuts
     D:7: 812 daAuts
     D:6: 704 daAuts
     D:3: 674 daAuts
   Sewer: 634 daAuts
     D:8: 573 daAuts
     D:5: 568 daAuts
     D:9: 219 daAuts
  Temple: 102 daAuts
